Description

123

Replay - 1 - [TLMC15] Curious Minds

Build Order

Get SALT Encoding   

  12  0:00  Drone  
  13  0:12  Overlord  
  13  0:16  Drone  
  14  0:30  Drone x2  
  16  0:48  Hatchery  
  15  0:51  Drone x2  
  17  0:58  Drone  
  18  1:09  Extractor  
  17  1:13  Spawning Pool  
  17  1:16  Drone x2  
  18  1:27  Drone  
  20  1:48  Overlord  
  20  2:00  Queen x2  
  20  2:01  Zergling x4  
  26  2:11  Metabolic Boost  
  28  2:24  Spore Crawler  
  28  2:29  Spore Crawler  
  26  2:36  Queen  
  34  2:45  Overlord  
  35  2:56  Hatchery  
  36  3:06  Overlord  
  43  3:24  Queen x2  
  45  3:34  Overlord  
  48  3:45  Zergling x6  
  55  4:03  Zergling x2  
  55  4:04  Baneling Nest  
  52  4:10  Zergling x4  
  52  4:16  Extractor x2  
  57  4:18  Spore Crawler  
  57  4:20  Queen x2  
  62  4:24  Zergling x4  
  62  4:27  Lair  
  65  4:37  Extractor, Spore Crawler x3  
  70  4:56  Spore Crawler  
  74  5:07  Extractor x2, Baneling x2  
  80  5:34  Overseer  
  84  5:36  Centrifugal Hooks  
  83  5:47  Hatchery  
  89  5:57  Evolution Chamber x2  
  96  6:23  Zerg Ground Armor Level 1  
  96  6:25  Zerg Melee Weapons Level 1  
  103  6:29  Baneling x8  
  103  6:33  Overseer  
  105  6:43  Overseer  
  114  7:22  Queen  
  114  7:26  Hydralisk Den  
  116  7:32  Spore Crawler  
  116  7:46  Hatchery  
  116  7:48  Overseer  
  119  7:54  Extractor x2  
  126  7:59  Muscular Augments  
  129  8:18  Queen  
  133  8:41  Hydralisk x5  
  133  8:46  Zerg Melee Weapons Level 2, Zerg Ground Armor Level 2  
  143  9:07  Hydralisk x5  
  153  9:11  Grooved Spines  
  160  9:31  Infestation Pit  
  160  10:30  Hive  
  160  10:45  Lurker Den  
  171  11:02  Zerg Missile Weapons Level 1  
  156  11:31  Hatchery  
  168  11:34  Burrow  
  165  11:44  Viper x2  
  186  12:01  Adrenal Glands  
  190  12:19  Zerg Ground Armor Level 3  
  188  12:25  Extractor x2  
  188  12:30  Seismic Spines  
  178  13:28  Adaptive Talons  
  190  13:36  Zerg Missile Weapons Level 2  
  190  13:40  Lurker x5  
  199  13:55  Spore Crawler  
  196  14:30  Overseer x4  
  196  14:33  Pneumatized Carapace  
Spawning Tool Build Advisor. Get it on Overwolf

Go to:

Details

  • Created by: lucahecker
  • Published on: Nov 27, 2021
  • Modified on: Nov 27, 2021
  • Patch: 4.11.0
  • Difficulty: Hard
Show
View Real Time Build Order
Export as new Build Order

Comments (0)

There are no comments. Be the first!

Create an account to comment!